AoeStats
← BenJames

Arabia

504932423Analyzed
3v3 RM · 27d ago on Sep 7, 2026· 71m 23s· 6 players
Game mode
Random Map
Map size
Normal (6 player)
Population
200
Speed
Normal
Resources
Standard
Victory
Conquest
Starting age
Dark Age
Ending age
Imperial Age
RankedLock teamsTeams togetherTeam positionsShared explorationLock speedFull tech treeHidden civsTurbo modeCheats
Victory
Defeat
🇨🇱 Spanish · Chile
1035
+16
🇲🇽 Mongols · Mexico
974
+18
🇦🇷 Magyars · Argentina
971
+18
🇨🇴 Mongols · Colombia
1077
-19
🇦🇷 Spanish · Argentina
1006
-17
🇨🇦 Bulgarians · Canada
983
-16
ronaldvinces1992
12:46 Feudal Age
11:02 Loom
17:40 Castle Age
16:17 Forging
18:10 Scale Barding Armor
20:45 Iron Casting
21:27 Chain Barding Armor
21:07 Gold Mining
21:59 Husbandry
23:46 Bloodlines
26:35 Stirrups
51:36 Imperial Age
53:24 Blast Furnace
53:00 Plate Barding Armor
BenJames
7:02 Loom
10:37 Feudal Age
11:48 Man-at-Arms
21:25 Fletching
27:34 Castle Age
25:58 Padded Archer Armor
27:42 Crossbowman
31:56 Forging
34:13 Bloodlines
36:14 Iron Casting
36:54 Husbandry
39:03 Bodkin Arrow
40:24 Wheelbarrow
39:55 Double-Bit Axe
41:25 Leather Archer Armor
41:15 Gold Mining
41:15 Horse Collar
42:34 Thumb Ring
43:49 Ballistics
44:09 Bow Saw
46:52 Scale Barding Armor
49:14 Hand Cart
55:58 Imperial Age
54:33 Chain Barding Armor
54:59 Heavy Plow
55:36 Gold Shaft Mining
57:04 Conscription
56:13 Elite Mangudai
56:34 Elite Skirmisher
58:38 Chemistry
57:51 Bracer
58:59 Parthian Tactics
59:54 Drill
59:49 Arbalester
60:53 Heavy Cavalry Archer
Emperador Siziña
2:35 Loom
10:38 Feudal Age
18:18 Castle Age
25:02 Double-Bit Axe
26:57 Stone Mining
33:25 Scale Barding Armor
34:42 Fletching
36:05 Gold Mining
44:07 Wheelbarrow
43:19 Town Watch
48:17 Bodkin Arrow
48:05 Elite Skirmisher
51:23 Padded Archer Armor
53:01 Ballistics
55:17 Imperial Age
53:06 Horse Collar
55:23 Pikeman
56:03 Squires
56:16 Forging
56:06 Bracer
56:22 Leather Archer Armor
56:04 Halberdier
62:34 Gambesons
HelChelo
6:02 Loom
10:25 Feudal Age
10:57 Double-Bit Axe
15:56 Bloodlines
23:15 Castle Age
21:27 Stone Mining
23:10 Scale Barding Armor
22:52 Horse Collar
23:23 Town Watch
26:48 Husbandry
28:02 Fletching
51:48 Light Cavalry
65:53 Chain Barding Armor
blackflysah
4:00 Loom
9:45 Feudal Age
10:36 Double-Bit Axe
21:01 Castle Age
20:09 Gold Mining
20:01 Horse Collar
20:25 Fletching
20:35 Padded Archer Armor
21:05 Crossbowman
21:41 Bodkin Arrow
23:09 Leather Archer Armor
28:55 Wheelbarrow
28:05 Town Watch
31:09 Pikeman
31:51 Squires
32:15 Heavy Plow
37:44 Imperial Age
35:30 Hand Cart
35:07 Stone Mining
35:52 Gold Shaft Mining
35:43 Ballistics
36:29 Forging
36:20 Scale Mail Armor
36:37 Bow Saw
36:48 Town Patrol
38:32 Bracer
38:16 Arbalester
39:56 Bloodlines
40:52 Stone Shaft Mining
41:41 Chemistry
40:37 Murder Holes
42:00 Iron Casting
45:18 Blast Furnace
44:34 Chain Mail Armor
47:44 Light Cavalry
48:25 Husbandry
48:31 Scale Barding Armor
49:59 Hussar
52:18 Thumb Ring
53:28 Chain Barding Armor
53:39 Plate Mail Armor
59:47 Elite Skirmisher
67:54 Elite Mangudai
PIPEX1356
9:35 Loom
11:39 Feudal Age
12:26 Man-at-Arms
13:02 Double-Bit Axe
14:05 Arson
19:49 Wheelbarrow
23:45 Castle Age
22:10 Scale Mail Armor
22:25 Gold Mining
22:29 Stone Mining
23:09 Horse Collar
23:22 Gold Mining
25:04 Scale Barding Armor
25:10 Forging
26:08 Wheelbarrow
26:49 Heavy Plow
27:49 Husbandry
28:04 Bloodlines
31:51 Hand Cart
38:55 Ballistics
41:07 Imperial Age
41:49 Stone Shaft Mining
42:20 Elite Conquistador
49:20 Chemistry
48:05 Arrowslits
53:59 Iron Casting
53:45 Chain Barding Armor
53:47 Cavalier
54:25 Murder Holes
55:39 Paladin
57:15 Bombard Tower
59:21 Plate Barding Armor
59:47 Blast Furnace
58:58 Fletching
59:08 Padded Archer Armor
Connection lost

Rejoining the realm…

Still unreachable

The connection could not be restored.

Session expired

The server has moved on; the page needs a fresh start.